 Dungeon Crawl Stone Soup version 0.28-b1-1-g3c77fb2ed1 (webtiles) character file.

Game seed: 9003645025713651549

16 Descartes the Grasshopper (level 2, 0/3 (23) HPs)
             Began as a Formicid Warper on Jan 26, 2022.
             Slain by a ball python (2 damage)
             ... on level 1 of the Dungeon on Jan 27, 2022.
             The game lasted 00:01:37 (514 turns).

Descartes the Grasshopper (Formicid Warper)          Turns: 514, Time: 00:01:38

HP:   0/3 (23)      AC:  3    Str: 15    XL:     2   Next: 70%
MP:   5/5           EV: 11    Int: 12    God:
Gold: 0             SH:  0    Dex: 10    Spells: 5/5 levels left

rFire   . . .      SeeInvis +   a - +0 mace
rCold   . . .      Faith    .   (no shield)
rNeg    . . .      Spirit   .   b - +0 leather armour
rPois   .          Reflect  .   (helmet unavailable)
rElec   .          Harm     .   (no cloak)
rCorr   .          Rampage  .   (no gloves)
Will    .....                   (no boots)
Stlth   +.........              (no amulet)
HPRegen 0.01/turn               (no ring)
MPRegen 0.09/turn               (no ring)

@: extremely drained
A: permanent stasis, dig shafts and tunnels, antennae 3, four strong arms
a: Dig, Shaft Self


You were on level 1 of the Dungeon.
You visited 1 branch of the dungeon, and saw 1 of its levels.

Inventory:

Hand Weapons
 a - a +0 mace (weapon)
Missiles
 c - 5 boomerangs of dispersal (quivered)
Armour
 b - a +0 leather armour (worn)
Scrolls
 d - 2 scrolls of identify {unknown}


   Skills:
 + Level 2.3 Fighting
 + Level 2.1 Maces & Flails
 + Level 1.1 Throwing
 + Level 1.4 Armour
 + Level 2.0 Dodging
 + Level 2.3 Spellcasting
 + Level 2.8 Translocations


You had 5 spell levels left.
You didn't know any spells.
Your spell library contained the following spells:

 Spells                   Type           Power      Damage    Failure   Level
 Gell's Gravitas          Tloc           8%         N/A       30%         3
 Lesser Beckoning         Tloc           8%         N/A       30%         3
 Teleport Other           Tloc           8%         N/A       30%         3
 Manifold Assault         Tloc           8%         N/A       95%         5
 Blink                    Tloc           Unusable   N/A       N/A         2

Dungeon Overview and Level Annotations

Branches:
Dungeon (1/15)

Altars:


Innate Abilities, Weirdness & Mutations

You cannot be hasted, slowed, berserked, paralysed or teleported.
You can dig through walls and to a lower floor.
You have a pair of large antennae on your head. (SInv)
Your four strong arms can wield two-handed weapons with a shield.


Message History

You hit the ball python.
You kill the ball python!
Things that are here:
a hobgoblin corpse; a rat corpse
Things that are here:
a hobgoblin corpse; a rat corpse You extend your mandibles.
You dig through the rock wall.
You feel drained.
You dig through the rock wall.
You feel drained.
You dig through the rock wall.
You feel drained.
You dig through the rock wall.
You feel drained.
You dig through the rock wall.
You feel drained.
You dig through the rock wall.
You feel drained.
You dig through the rock wall.
You feel drained.
You dig through the rock wall.
You feel drained.
You dig through the rock wall.
You feel drained.
You dig through the rock wall.
You feel drained.
You dig through the rock wall.
You feel drained.
You dig through the rock wall.
You feel drained.
This wall is too hard to dig through.
You are not religious.
You are not religious.
Unknown command.
Welcome back, Descartes the Formicid Warper.
Press ? for a list of commands and other information.
HP restored.
Things that are here:
a hobgoblin corpse; a rat corpse
d - 2 scrolls labelled ZEVOHA HOJAN (gained 1)
Things that are here:
a +0 club; a goblin corpse A ball python comes into view.
Found 10 gold pieces.
The ball python hisses angrily.
Found a scroll labelled ZEVOHA HOJAN.
A quokka comes into view.
You completely miss the ball python. The ball python bites you.
The ball python completely misses you. The ball python bites you.
Ouch! That really hurt!
You die...

.....................
###.###..............
#.............#####
#....##.......#
##....#.....######..
###..................
#..............####...
#..###..........##
..............#.@#
..............#..S......
###### .......##...?....
#Z# ....... .........
#### ....... #....r...
...# ..$. #........ .>.+
......... ...# ##.......
#.###


You could see a quokka and a ball python.

Vanquished Creatures
  A dart slug (D:1)
  A bat (D:1)
  2 goblins (D:1)
  A hobgoblin (D:1)
  2 kobolds (D:1)
  4 ball pythons (D:1)
  A frilled lizard (D:1)
  A rat (D:1)
13 creatures vanquished.

Notes
Turn   | Place    | Note
-------+----------+-------------------------------------------
     0 | D:1      | Descartes the Formicid Warper began the quest for the Orb.
     0 | D:1      | Reached XP level 1. HP: 16/16 MP: 3/3
    14 | D:1      | Noticed a minotaur skeleton
   210 | D:1      | Reached XP level 2. HP: 17/22 MP: 5/5
   452 | D:1      | Upgraded the game from 0.28-b1 to 0.28-b1-1-g3c77fb2ed1
   514 | D:1      | Slain by a ball python

Illustrated notes

Levels and vault maps discovered:
D:1:      shiori_arrival_whats_in_store_for_you, layout_rooms

Skill      XL: |  1  2 |
---------------+-------+-----
Dodging        | 2 |  2.0
Fighting       | |  2.3
Maces & Flails | |  2.1
Throwing       | |  1.1
Armour         | |  1.4
Spellcasting   | |  2.3
Translocations | |  2.8

Action                   || total
-------------------------++-------
Melee: Mace              ||    36
 Abil: Dig               ||     2
Armor: Leather armour    ||    16
Dodge: Dodged            ||    39
